 Dungeon Crawl Stone Soup version 0.22.1-2-g9c5b331 (webtiles) character file.

118 HerrDoktor the Skirmisher (level 4, -8/41 HPs)
             Began as a Minotaur Abyssal Knight on Dec 26, 2018.
             Was a Priest of Lugonu.
             Killed by nerve-wracking pain
             ... invoked by Grinder
              (11 damage)
             ... on level 3 of the Dungeon.
             The game lasted 00:08:26 (2382 turns).

HerrDoktor the Skirmisher (Minotaur Abyssal Knight) Turns: 2382, Time: 00:08:27

Health: -8/41      AC:  6    Str: 18    XL:     4   Next: 72%
Magic:  4/4        EV: 11    Int:  9    God:    Lugonu [***...]
Gold:   156        SH:  0    Dex:  9    Spells: 3/3 levels left

rFire    . . .     SeeInvis .   a - +1 falchion
rCold    . . .     Gourm    .   (no shield)
rNeg     . . .     Faith    +   l - +0 ring mail
rPois    .         Spirit   .   (helmet restricted)
rElec    .         Reflect  .   (no cloak)
rCorr    .         Harm     .   (no gloves)
MR       .....                  o - +0 pair of boots
Stlth    ..........             i - amulet of faith
HPRegen  0.13/turn              (no ring)
MPRegen  0.09/turn              (no ring)

@: hasted, very quick
A: retaliatory headbutt, horns 2
a: Depart the Abyss, Bend Space, Banish, Renounce Religion


You were on level 3 of the Dungeon.
You worshipped Lugonu.
Lugonu was most pleased with you.
You were hungry.

You visited 1 branch of the dungeon, and saw 3 of its levels.
You visited the Abyss 1 time.

You collected 156 gold pieces.

Inventory:

Hand Weapons
 a - a +1 falchion (weapon)
 p - a +2 war axe of chopping
Missiles
 e - 157 stones
 q - 4 tomahawks (quivered)
Armour
 b - a +0 leather armour
 l - a +0 ring mail (worn)
 o - a +0 pair of boots (worn)
Jewellery
 i - an amulet of faith (around neck)
Scrolls
 d - a scroll of blinking
 f - 2 scrolls of remove curse
 n - 3 scrolls of identify
 s - a scroll of amnesia {unknown}
 t - a scroll of enchant armour {unknown}
 u - 2 scrolls of teleportation
 w - a scroll of immolation {unknown}
 x - 2 scrolls of magic mapping
Potions
 h - 4 potions of curing {unknown}
 j - 4 potions of brilliance {unknown}
 k - a potion of might {unknown}
 m - a potion of agility {unknown}
 r - a potion of heal wounds {unknown}
 v - 2 potions of invisibility {unknown}
 z - a potion of resistance {unknown}
Comestibles
 c - 9 rations


   Skills:
 + Level 4.8 Fighting
 * Level 4.4 Long Blades
 + Level 3.3 Armour
 + Level 1.3 Dodging
 + Level 1.9 Invocations


You had 3 spell levels left.
You didn't know any spells.
Your spell library was empty.

Dungeon Overview and Level Annotations

Branches:
Dungeon (3/15)

Altars:
Trog

Annotations:
D:3 Grinder


Innate Abilities, Weirdness & Mutations

You reflexively headbutt those who attack you in melee.
You have a pair of horns on your head.


Message History

Pain shoots through your body!
You barely miss Grinder.
Grinder is lightly wounded.
Grinder hits you. x2
* * * LOW HITPOINT WARNING * * *
You writhe in agony.
* * * LOW HITPOINT WARNING * * *
You closely miss Grinder. Your headbutt misses Grinder.
Grinder is lightly wounded.
You hit Grinder.
Grinder is moderately wounded.
Grinder gestures at you. Pain shoots through your body!
* * * LOW HITPOINT WARNING * * *
Grinder gestures at you. Pain shoots through your body!
* * * LOW HITPOINT WARNING * * *
Grinder gestures at you. Pain shoots through your body!
You die...

#.,*..##.# #,* #.###
#.###..5.# ****####.####.#
#..#..#*****,,,..........#
*#...## *,,,.#######...#
##..5# *,*#..##..##...###
###.# *,#........#...... #.#
**.............###
#####.######....>.....#..#
#........5.@#,,......#...#
#.###.#######,,......#.#.###
#.# #.# *,,,.............
#.# #.# *,,,.............
#.# #.#******,,......#[....#
#.# #..,,,,,**,.##..##......
#.# ###**,,,,,,....[......†#
#.# *,*****#######...... #.#
#,* #.###.#


You could see Grinder.

Vanquished Creatures
  A gnoll (D:3)
  4 adders
  2 oozes
  2 worms
  2 dart slugs (D:2)
  2 leopard geckos
  3 ball pythons
  A giant cockroach (D:3)
  4 goblins
  7 hobgoblins
  2 jackals (D:1)
  2 quokkas (D:3)
  10 bats
  5 frilled lizards
  3 kobolds
  6 rats
56 creatures vanquished.

Vanquished Creatures (others)
  A wizard (D:3)
1 creature vanquished.

Grand Total: 57 creatures vanquished

Notes
Turn   | Place    | Note
-------+----------+-------------------------------------------
     0 | Abyss:1  | HerrDoktor the Minotaur Abyssal Knight began the quest for
                  | the Orb.
     0 | Abyss:1  | Reached XP level 1. HP: 19/19 MP: 1/1
    40 | D:1      | Escaped the Abyss
   166 | D:1      | Reached XP level 2. HP: 27/27 MP: 2/2
   779 | D:1      | Reached ** piety under Lugonu
   913 | D:2      | Reached XP level 3. HP: 31/33 MP: 3/3
  1246 | D:2      | Found a faded altar of an unknown god.
  1482 | D:3      | Reached XP level 4. HP: 38/41 MP: 4/4
  1953 | D:3      | Reached *** piety under Lugonu
  2229 | D:3      | Found a bloodstained altar of Trog.
  2230 | D:3      | Noticed a wizard
  2236 | D:3      | Killed a wizard
  2362 | D:3      | Noticed Grinder
  2382 | D:3      | Killed from afar by Grinder

Skill      XL: |  1  2  3  4 |
---------------+-------------+-----
Long Blades    | 3 4 |  4.4
Fighting       | 4 |  4.8
Armour         | 3 |  3.3
Dodging        | |  1.3
Invocations    | |  1.9

Action                   |  1- 3 |  4- 6 || total
-------------------------+-------+-------++-------
Melee: Falchion          |    73 |    37 ||   110
       Headbutt          |     8 |    11 ||    19
Throw: Tomahawk          |     1 |       ||     1
Invok: Bend Space        |     1 |       ||     1
  Use: Scroll            |     5 |     1 ||     6
       Potion            |       |     1 ||     1
  Eat: Chunk             |     2 |     2 ||     4
Armor: Ring mail         |    27 |    21 ||    48
       Leather armour    |     1 |       ||     1
Dodge: Dodged            |    31 |    33 ||    64
       Rpst.: Falchion   |    11 |    10 ||    21
